 Dungeon Crawl Stone Soup version 0.31-a0-152-g6aa68a64a1 (webtiles) character file.

Game seed: 3404191533899769754

179 qw the Chopper (level 5, -1/32 HPs)
             Began as a Gargoyle Fighter on June 10, 2023.
             Slain by a gnoll
             ... wielding a +0 flail of protection
              (8 damage)
             ... on level 4 of the Dungeon.
             The game lasted 00:00:56 (2430 turns).

qw the Chopper (Gargoyle Fighter)                   Turns: 2430, Time: 00:00:57

Health: -1/32      AC: 18    Str: 21    XL:     5   Next: 59%
Magic:  0/14       EV:  7    Int:  9    God:
Gold:   122        SH:  4    Dex:  9    Spells: 4/4 levels left

rFire   . . .        Y - +1 war axe
rCold   . . .        j - +0 buckler of the Four Spines {+Blink rN+ MP+9}
rNeg    + + .        r - +0 chain mail
rPois   inf          (no helmet)
rElec   +            (no cloak)
rCorr   .            m - +1 pair of gloves {infuse}
SInv    +            f - +2 pair of boots
Will    .....        (no amulet) Stlth
                     n - ring of see invisible
HPRegen 0.25/turn    (no ring)
MPRegen 0.14/turn

%: no passive effects
@: no status effects
A: sickness immunity, AC +4, negative energy resistance 1, electricity
resistance, torment resistance 1, petrification resistance
a: Evoke Blink


You were on level 4 of the Dungeon.
You visited 1 branch of the dungeon, and saw 4 of its levels.

You collected 287 gold pieces.
You spent 165 gold pieces at shops.


Innate Abilities, Weirdness & Mutations

You are immune to sickness and miasma.
Your stone body is resilient. (AC +4)
You are immune to poison.
You resist negative energy. (rN+)
You are resistant to electric shocks. (rElec)
You are resistant to unholy torment.
You are immune to petrification.


   Skills:
 + Level 3.2 Fighting
 - Level 5.1 Axes
 - Level 3.2 Armour
 - Level 3.2 Shields


You had 4 spell levels left.
You didn't know any spells.
Your spell library was empty.

Inventory:

Hand Weapons
 q - a +0 whip
 Y - a +1 war axe (weapon)
Armour
 f - a +2 pair of boots (worn)
 j - the +0 buckler of the Four Spines (worn) {+Blink rN+ MP+9}
   (You found it on level 3 of the Dungeon)

   rN:        It protects you from negative energy.
   MP:        It affects your magic capacity (+9).
   +Blink:    It lets you blink.
 m - a +1 pair of gloves of infusion (worn)
 r - a +0 chain mail (worn)
Jewellery
 n - a ring of see invisible (left hand)
Scrolls
 i - a scroll of identify
Potions
 a - a potion of magic
 d - 2 potions of might
 e - a potion of resistance {unknown}
 g - a potion of haste {unknown}
 l - a potion of lignification {unknown}
 p - a potion of curing {unknown}

Dungeon Overview and Level Annotations

Branches:
Dungeon (4/15)
 Temple: D:4-7

Altars:

Shops:
D:2 [


Message History

The gnoll hits you with a +0 flail of protection.
You block the scorpion's attack.
You barely miss the scorpion.
The scorpion is severely wounded.
You hit the gnoll but do no damage.
Your surroundings seem slightly different.
The gnoll hits you with a +0 flail of protection.
You hit the gnoll.
The gnoll is lightly wounded.
The gnoll hits you with a +0 flail of protection.
The gnoll hits you but does no damage.
The scorpion stings you but does no damage.
You closely miss the scorpion.
The scorpion is severely wounded.
You barely miss the gnoll. The gnoll barely misses you.
The gnoll hits you but does no damage.
The scorpion stings you but does no damage.
You hit the scorpion but do no damage.
The scorpion is severely wounded.
You hit the gnoll but do no damage. The scorpion stings you.
You block the gnoll's attack. The gnoll hits you but does no damage.
The scorpion stings you but does no damage.
The gnoll hits you but does no damage. x2
An iguana comes into view.
The iguana hisses angrily.
You slash the scorpion!
You kill the scorpion!
You hit the gnoll but do no damage. The gnoll barely misses you.
The gnoll hits you but does no damage.
Your Axes skill increases to level 5!
You slash the gnoll!
The gnoll is severely wounded.
The gnoll hits you but does no damage.
The gnoll hits you from afar with a +0 spear.
You barely miss the gnoll.
The gnoll is severely wounded.
The gnoll hits you but does no damage.
The gnoll hits you with a +0 flail of protection!
You die...

....> ..... #....
...... #....
#......
##....####.......
...l.....<.......
.........)##.....
.###.....g.#..?.#
##....%g).......
........@..#....
....###...##....
.##. #...... .##
# .........##
#.......>.#
.............
....#..........
#..##..........


You could see an iguana and 2 gnolls.

Vanquished Creatures
  A scorpion (D:4)
  Jessica (D:3)
  2 adders
  2 gnolls (D:4)
  2 worms (D:3)
  3 orcs (D:3)
  A ball python (D:4)
  6 endoplasms
  A giant cockroach (D:2)
  7 hobgoblins
  4 jackals (D:2)
  3 kobolds
  2 quokkas (D:1)
  2 bats
  2 frilled lizards (D:1)
  5 goblins
  A rat (D:3)
45 creatures vanquished.

Notes
Turn   | Place    | Note
-------+----------+-------------------------------------------
     0 | D:1      | qw the Gargoyle Fighter began the quest for the Orb.
     0 | D:1      | Reached XP level 1. HP: 14/14 MP: 1/1
     0 | D:1      | 0 ||| qw: Version: 0.2-a-29-gd901d54
     0 | D:1      | 0 ||| qw: Game counter: 3991
     0 | D:1      | 0 ||| qw: Always use a shield: true
     0 | D:1      | 0 ||| qw: God list: Okawaru
     0 | D:1      | 0 ||| qw: Allow faded altars: false
     0 | D:1      | 0 ||| qw: Do Orc after D:15 true
     0 | D:1      | 0 ||| qw: Do second Lair branch before Depths: true
     0 | D:1      | 0 ||| qw: Lair rune preference: random
     0 | D:1      | 0 ||| qw: Plans: Normal, Zot:1-4, Slime:5, God:TSO, Crypt,
                  | Tomb, Abyss, Pan, Hells, Win
     0 | D:1      | 0 ||| PLANNING D:1-11
    29 | D:1      | Reached skill level 2 in Axes
   118 | D:1      | Reached XP level 2. HP: 19/19 MP: 2/2
   195 | D:1      | 195 ||| Stepping ~*~*~tactically~*~*~ (stealth).
   671 | D:1      | 671 ||| UPGRADING to +2 pair of boots.
   676 | D:1      | 676 ||| READING scroll labelled ZETHIU ENALUHOSOA.
   680 | D:1      | 680 ||| READING scroll labelled UTOFUVV LEALLY.
   767 | D:2      | 767 ||| Stepping ~*~*~tactically~*~*~ (stealth).
   783 | D:2      | Reached skill level 3 in Axes
   850 | D:2      | Reached XP level 3. HP: 23/23 MP: 3/3
   863 | D:2      | Found Kiju's Armour Boutique.
   872 | D:2      | 872 ||| SHOPLISTING +0 leather armour of Too Many Cooks
                  | {Will+ rCorr Int-2 Stlth+} (188 gold, have 176).
   872 | D:2      | 872 ||| BUYING +1 pair of gloves of infusion (165 gold).
   872 | D:2      | Bought a +1 pair of gloves of infusion for 165 gold pieces
   872 | D:2      | 872 ||| SHOPLISTING +2 leather armour of cold resistance
                  | (190 gold, have 11).
   880 | D:2      | 880 ||| UPGRADING to +1 pair of gloves of infusion.
   885 | D:2      | 885 ||| READING scroll labelled MONOPR SESU.
   886 | D:2      | 886 ||| READING scroll labelled RITAOZ NAMOA.
   887 | D:2      | 887 ||| READING 2 scrolls labelled OSAIHE INOPOMN.
   896 | D:2      | 896 ||| STAIRDANCE
   985 | D:2      | 985 ||| STAIRDANCE
  1381 | D:2      | 1381 ||| READING scroll labelled FUYHIUJ CUGUE.
  1382 | D:2      | 1382 ||| READING 2 scrolls of identify.
  1382 | D:2      | 1382 ||| IDENTIFYING purple potion
  1596 | D:3      | 1596 ||| Stepping ~*~*~tactically~*~*~ (stealth).
  1633 | D:3      | 1633 ||| DROPPING amulet of magic regeneration.
  1634 | D:3      | 1634 ||| DRINKING 2 grey potions.
  1642 | D:3      | 1642 ||| STAIRDANCE
  1814 | D:3      | 1814 ||| Stepping ~*~*~tactically~*~*~ (hiding).
  1816 | D:3      | 1816 ||| Stepping ~*~*~tactically~*~*~ (hiding).
  1970 | D:3      | Reached XP level 4. HP: 28/28 MP: 0/4
  2026 | D:3      | 2026 ||| Stepping ~*~*~tactically~*~*~ (stealth).
  2042 | D:3      | Reached skill level 4 in Axes
  2081 | D:3      | 2081 ||| DROPPING +0 club.
  2082 | D:3      | Identified the +0 buckler of the Four Spines {+Blink rN+
                  | MP+9}
  2159 | D:3      | Noticed Jessica
  2166 | D:3      | Killed Jessica
  2290 | D:3      | 2290 ||| UPGRADING to +0 buckler of the Four Spines {+Blink
                  | rN+ MP+9}.
  2300 | D:3      | 2300 ||| DROPPING +0 buckler.
  2301 | D:3      | 2301 ||| UPGRADING to +0 chain mail.
  2311 | D:3      | 2311 ||| DROPPING +0 scale mail.
  2369 | D:3      | 2369 ||| UPGRADING to ring of see invisible.
  2370 | D:3      | 2370 ||| READING scroll labelled ICKAEZ QASCH.
  2408 | D:4      | 2408 ||| Stepping ~*~*~tactically~*~*~ (hiding).
  2409 | D:4      | 2409 ||| Stepping ~*~*~tactically~*~*~ (hiding).
  2411 | D:4      | 2411 ||| Stepping ~*~*~tactically~*~*~ (hiding).
  2413 | D:4      | Noticed a scorpion
  2420 | D:4      | Reached XP level 5. HP: 18/32 MP: 1/5
  2421 | D:4      | HP: 7/32 [gnoll/+0 spear (6)]
  2422 | D:4      | 2422 ||| READING scroll of teleportation.
  2423 | D:4      | 2423 ||| DRINKING potion of heal wounds.
  2429 | D:4      | Reached skill level 5 in Axes
  2429 | D:4      | HP: 7/32 [gnoll/+0 spear (3)]
  2430 | D:4      | Slain by a gnoll

Levels and vault maps discovered:
D:1:      elethiomel_arrival_shortcut, layout_basic, minmay_gold_behind_fungi
D:2:      layout_basic, serial_shops, nicolae_shop_tiny_glass,
          kennysheep_decorative_pillar
D:3:      layout_rooms, hangedman_decor_clover_reticule,
          kennysheep_cluttered_room, uniq_jessica
D:4:      layout_cave_pools, minmay_box_of_dots

Skill      XL: |  1  2  3  4  5 |
---------------+----------------+-----
Axes           | 2 3 4 5 |  5.1
Fighting       | |  3.2
Armour         | |  3.2
Shields        | |  3.2

Action                     |  1- 3 |  4- 6 || total
---------------------------+-------+-------++-------
  Melee: War axe           |   110 |    33 ||   143
    Use: Scroll            |     7 |     2 ||     9
         Potion            |     1 |     1 ||     2
 Armour: Scale mail        |    52 |     6 ||    58
         Chain mail        |       |    26 ||    26
  Dodge: Dodged            |    46 |    24 ||    70
  Block: Buckler           |    22 |    15 ||    37

Table legend:
 A = Non-vault XP
 B = Vault XP
 C = Vault XP percentage of total XP
 D = Non-vault monster count
 E = Vault monster count
 F = Vault count percentage of total count
                 A         B        C        D         E       F
            +---------+---------+-------+---------+---------+-------
      Total |     219 |      37 |  14.5 |      44 |       1 |   2.2
            +---------+---------+-------+---------+---------+-------
        D:1 |      21 |       0 |   0.0 |      13 |       0 |   0.0
        D:2 |      35 |       0 |   0.0 |      12 |       0 |   0.0
        D:3 |      45 |      37 |  45.1 |      13 |       1 |   7.1
        D:4 |     118 |       0 |   0.0 |       6 |       0 |   0.0
            +---------+---------+-------+---------+---------+-------
